Map: Abyssal Reef LE

Players

SamuraiFunn - Winner!

  • Race: Protoss Protoss
  • League: Platinum
  • Spawn Location: 11:00

A.I. 1 (Very Hard)

  • Race: Zerg Zerg
  • Spawn Location: 5:00

VOD

Have the link to the VOD?

Description

Time

  • Played on: Nov. 28, 2017, 10:09 p.m.
  • Length: 17:37
Show
View Real Time Build Order
Export as new Build Order

SamuraiFunn Protoss - Winner!

Build Orders:  

Get SALT Encoding   

  12  0:01  Probe  
  13  0:13  Probe  
  14  0:24  Pylon  
  14  0:26  Probe  
  15  0:42  Probe (Chrono Boost)  
  16  0:49  Gateway  
  16  0:54  Probe (Chrono Boost)  
  17  1:01  Probe (Chrono Boost)  
  18  1:07  Assimilator  
  18  1:08  Probe  
  19  1:12  Pylon  
  19  1:20  Probe  
  19  1:25  Gateway  
  20  1:33  Probe  
  21  1:45  Probe  
  22  1:52  Assimilator  
  24  1:54  Zealot (Chrono Boost)  
  24  1:57  Probe  
  25  2:13  Cybernetics Core  
  25  2:16  Probe  
  25  2:18  Nexus  
  26  2:28  Probe  
  27  2:40  Probe  
  28  2:52  Probe  
  28  2:54  Warp Gate (Chrono Boost)  
  28  2:55  Stalker, Assimilator  
  31  3:06  Pylon  
  31  3:24  Pylon, Stalker  
  34  3:28  Probe (Chrono Boost)  
  34  3:29  Pylon  
  34  3:31  Probe (Chrono Boost)  
  37  3:43  Probe x2 (Chrono Boost)  
  37  3:45  Probe  
  38  3:49  Probe  
  39  3:57  Probe  
  39  4:01  Probe  
  41  4:09  Twilight Council  
  42  4:10  Probe  
  42  4:11  Pylon  
  42  4:13  Probe  
  43  4:23  Probe  
  44  4:25  Nexus  
  44  4:33  Probe  
  44  4:37  Robotics Facility  
  45  4:38  Probe  
  46  4:45  Assimilator  
  46  4:50  Probe  
  46  4:51  Probe  
  48  4:57  Gateway  
  48  4:58  Stalker x2  
  52  5:02  Probe  
  52  5:03  Probe, Blink (Chrono Boost)  
  54  5:10  Forge  
  54  5:12  Forge  
  54  5:14  Probe  
  54  5:15  Probe  
  56  5:27  Probe x2  
  58  5:40  Probe x3  
  61  5:49  Gateway x2  
  61  5:52  Probe x3  
  61  5:56  Stalker  
  66  5:57  Stalker  
  66  5:58  Protoss Ground Weapons Level 1 (Chrono Boost)  
  66  6:04  Probe x3  
  71  6:16  Probe x3  
  71  6:17  Stalker  
  76  6:19  Assimilator  
  76  6:21  Immortal  
  76  6:23  Assimilator  
  80  6:28  Probe x3  
  83  6:51  Protoss Shields Level 1 (Chrono Boost)  
  83  7:01  Observer  
  84  7:09  Stalker x4  
  92  7:18  Pylon  
  92  7:22  Observer  
  93  7:26  Pylon  
  93  7:33  Pylon  
  93  7:37  Pylon  
  93  7:38  Probe  
  93  7:42  Pylon  
  93  7:43  Protoss Ground Armor Level 1  
  94  7:44  Observer  
  94  7:45  Robotics Bay  
  94  7:50  Probe  
  96  8:02  Probe  
  97  8:05  Stalker  
  97  8:06  Observer, Stalker  
  97  8:07  Stalker x3  
  97  8:09  Pylon  
  97  8:12  Pylon  
  108  8:15  Pylon  
  108  8:19  Pylon  
  108  8:25  Robotics Facility  
  108  8:27  Immortal  
  108  8:30  Robotics Facility  
  108  8:31  Robotics Facility  
  112  8:41  Protoss Ground Weapons Level 2  
  112  9:00  Nexus  
  112  9:12  Assimilator  
  112  9:14  Immortal x2  
  112  9:15  Assimilator  
  119  9:23  Stalker x3  
  119  9:24  Stalker x2  
  125  9:36  Protoss Shields Level 2  
  119  9:43  Immortal x2  
  113  9:53  Immortal x2  
  115  10:13  Stalker x4  
  123  10:22  Immortal  
  123  10:24  Immortal  
  131  10:32  Colossus x2  
  143  10:38  Gateway  
  143  10:39  Gateway x2  
  143  10:41  Gateway  
  143  10:44  Gateway  
  131  11:01  Colossus  
  111  11:22  Stalker x2  
  111  11:23  Stalker x3  
  120  11:35  Colossus x3  
  138  11:46  Stalker x3  
  144  11:48  Stalker  
  144  11:49  Stalker x2  
  144  11:50  Stalker x3  
  156  12:00  Charge  
  156  12:17  Stalker x3  
  162  12:23  Zealot x2  
  162  12:24  Zealot x2  
  162  12:26  Stalker  
  162  12:27  Zealot x2  
  176  12:35  Warp Prism x2  
  180  12:38  Protoss Ground Weapons Level 3  
  180  12:50  Pylon  
  180  12:53  Pylon  
  180  12:55  Pylon  
  180  12:58  Pylon  
  180  13:08  Warp Prism  
  180  13:09  Zealot  
  180  13:10  Zealot x2  
  180  13:11  Zealot x3  
  180  13:12  Zealot  
  196  13:13  Zealot  
  196  13:14  Zealot  
  141  14:43  Stalker x2  
  141  14:44  Stalker x4  
  141  14:45  Stalker x4  
  139  15:36  Stalker x5  
  139  15:37  Stalker x4  
  139  15:38  Stalker  
  149  16:56  Stalker x4  
  149  16:57  Stalker x5  
  149  16:58  Stalker  
  169  17:23  Stalker x5  
  169  17:24  Stalker x3  
  169  17:25  Stalker x2  
Show
View Real Time Build Order
Export as new Build Order

A.I. 1 (Very Hard) Zerg 

Build Orders: Hatch First 

Get SALT Encoding   

  12  0:00  Drone  
  13  0:12  Overlord  
  13  0:16  Drone  
  14  0:31  Drone x2  
  14  0:34  Drone  
  17  0:55  Drone, Hatchery  
  17  1:12  Spawning Pool, Extractor  
  17  1:15  Drone  
  16  1:20  Drone  
  16  1:24  Drone  
  18  1:28  Drone  
  19  1:38  Overlord  
  19  1:49  Drone  
  20  1:59  Queen  
  20  2:00  Zergling x2  
  23  2:06  Drone  
  24  2:13  Queen  
  26  2:18  Drone  
  27  2:30  Roach Warren  
  27  2:32  Extractor  
  27  2:33  Drone  
  26  2:37  Drone  
  27  2:44  Overlord  
  27  2:48  Drone  
  28  2:51  Drone  
  28  2:54  Drone  
  28  2:57  Drone  
  31  3:01  Drone  
  31  3:04  Zergling x2  
  33  3:07  Zergling x2  
  36  3:13  Roach  
  36  3:17  Roach  
  38  3:21  Roach  
  38  3:25  Roach  
  43  3:27  Drone  
  43  3:30  Drone  
  44  3:35  Overlord  
  44  3:42  Lair  
  44  3:46  Metabolic Boost  
  44  3:51  Overlord  
  44  3:54  Drone  
  45  3:56  Drone  
  45  3:58  Drone  
  45  4:01  Zergling x2  
  48  4:03  Zergling x2  
  48  4:06  Zergling x2  
  50  4:12  Drone, Evolution Chamber  
  50  4:17  Evolution Chamber  
  49  4:18  Drone  
  49  4:20  Drone  
  49  4:22  Drone  
  53  4:24  Drone  
  53  4:27  Drone  
  54  4:39  Zerg Missile Weapons Level 1  
  54  4:42  Zerg Ground Armor Level 1  
  54  4:43  Hydralisk Den  
  54  4:44  Drone  
  54  4:47  Overlord  
  54  4:50  Roach  
  54  4:52  Roach  
  58  5:04  Drone, Extractor  
  58  5:05  Drone, Overlord  
  58  5:06  Drone  
  60  5:08  Drone  
  60  5:09  Drone  
  60  5:12  Drone  
  60  5:13  Hydralisk, Drone  
  66  5:16  Hydralisk  
  68  5:22  Hydralisk  
  68  5:23  Drone  
  68  5:26  Overlord  
  71  5:29  Hydralisk  
  71  5:31  Drone  
  71  5:33  Drone  
  71  5:35  Drone  
  75  5:44  Drone  
  75  5:46  Overlord  
  75  5:47  Infestation Pit  
  75  5:48  Drone  
  76  5:50  Drone  
  76  5:51  Drone  
  76  5:53  Drone  
  76  5:55  Roach  
  81  6:04  Zergling x2, Roach, Overlord  
  81  6:06  Ravager  
  81  6:09  Roach  
  87  6:15  Extractor  
  87  6:18  Drone, Evolution Chamber  
  86  6:19  Ravager  
  86  6:22  Roach  
  86  6:23  Overlord  
  86  6:24  Infestor  
  91  6:35  Drone, Spine Crawler  
  91  6:37  Drone  
  91  6:38  Drone x2  
  94  6:40  Infestor  
  94  6:42  Spine Crawler  
  94  6:43  Drone, Overlord  
  96  6:47  Hydralisk  
  96  6:49  Hydralisk  
  96  6:54  Hydralisk  
  100  6:58  Hydralisk  
  104  7:02  Overlord  
  104  7:16  Overseer  
  104  7:17  Infestor  
  104  7:19  Spore Crawler  
  104  7:21  Spore Crawler  
  104  7:22  Drone  
  105  7:23  Hatchery  
  105  7:24  Drone  
  105  7:31  Infestor  
  105  7:34  Roach  
  109  7:43  Zerg Melee Weapons Level 1  
  109  7:45  Overlord  
  109  7:46  Roach  
  109  7:48  Roach  
  109  7:50  Roach  
  115  7:54  Hydralisk  
  117  7:58  Hydralisk  
  117  8:05  Overlord  
  119  8:16  Lurker Den  
  119  8:18  Spine Crawler  
  119  8:19  Drone  
  118  8:35  Queen, Drone x3  
  118  8:36  Drone x4  
  118  8:37  Drone x3, Overlord  
  118  8:38  Drone x5  
  135  8:44  Extractor  
  135  8:45  Drone  
  135  8:46  Drone  
  136  8:49  Drone  
  136  8:50  Extractor  
  136  8:55  Drone, Overlord  
  137  9:07  Drone x3  
  137  9:09  Zerg Missile Weapons Level 2  
  140  9:11  Hive  
  140  9:13  Drone, Overlord  
  141  9:22  Spine Crawler  
  141  9:23  Drone  
  141  9:24  Zerg Ground Armor Level 2, Drone, Spore Crawler  
  141  9:27  Zergling x6  
  141  9:28  Zergling x6  
  141  9:29  Zergling x2  
  141  9:30  Zergling x2  
  145  9:34  Zergling x2  
  130  9:38  Zergling x2, Infestor  
  130  9:41  Roach x3  
  123  9:46  Roach  
  123  9:49  Roach  
  123  9:50  Roach  
  117  9:56  Hydralisk  
  117  9:58  Hydralisk x2  
  117  9:59  Roach  
  114  10:00  Hydralisk  
  114  10:01  Roach  
  114  10:04  Overseer  
  113  10:10  Infestor  
  115  10:15  Ravager  
  115  10:17  Roach  
  115  10:18  Spine Crawler  
  115  10:19  Hydralisk x3, Ravager  
  115  10:20  Roach  
  126  10:23  Hydralisk  
  126  10:26  Hydralisk, Lurker  
  131  10:35  Infestor  
  133  10:42  Hydralisk x2  
  133  10:47  Hydralisk, Spine Crawler  
  133  10:48  Hydralisk  
  133  10:49  Zergling x2, Spine Crawler  
  139  10:50  Hydralisk, Zergling x2  
  139  10:52  Zergling x4  
  139  10:53  Hydralisk  
  139  10:54  Zergling x2, Overlord  
  139  10:56  Hydralisk  
  145  10:59  Zergling x6  
  145  11:01  Hydralisk  
  139  11:04  Roach  
  139  11:05  Roach  
  139  11:07  Hydralisk, Roach  
  139  11:09  Roach  
  141  11:11  Roach  
  141  11:13  Hydralisk  
  141  11:15  Roach  
  131  11:20  Roach  
  131  11:21  Hatchery  
  132  11:26  Spore Crawler  
  132  11:28  Spore Crawler  
  132  11:29  Ravager  
  132  11:31  Roach  
  133  11:33  Roach, Ravager  
  133  11:38  Infestor  
  138  11:40  Roach  
  138  11:41  Roach  
  138  11:43  Roach  
  138  11:44  Roach  
  146  11:50  Lurker  
  146  11:53  Hydralisk  
  149  12:05  Viper  
  149  12:06  Spine Crawler, Overlord  
  149  12:08  Spore Crawler  
  150  12:18  Viper  
  152  12:28  Zerg Melee Weapons Level 2  
  152  12:32  Queen  
  152  12:33  Drone x3  
  152  12:34  Drone x4  
  152  12:35  Drone x3, Overlord  
  152  12:36  Overseer, Drone x2  
  166  12:39  Extractor  
  166  12:40  Drone, Extractor  
  166  12:42  Drone  
  166  12:44  Pneumatized Carapace  
  166  12:46  Overseer  
  166  12:57  Zerg Missile Weapons Level 3  
  166  13:01  Spine Crawler  
  166  13:02  Drone  
  166  13:14  Hatchery  
  166  13:15  Drone  
  166  13:23  Zergling x2  
  167  13:35  Drone, Spine Crawler  
  167  13:37  Spore Crawler  
  167  13:38  Drone  
  167  13:41  Spine Crawler  
  166  13:42  Drone, Spore Crawler  
  166  13:44  Drone  
  167  13:59  Zergling x2  
  167  14:00  Zergling x2, Overlord  
  169  14:16  Zergling x2, Roach x4  
  178  14:17  Roach x2  
  178  14:18  Queen, Drone, Roach x2  
  178  14:19  Drone, Infestor x2  
  178  14:20  Hydralisk x2, Drone x2, Spire, Roach  
  178  14:22  Zergling x2  
  178  14:23  Hydralisk, Baneling Nest  
  178  14:24  Zergling x2, Drone x2  
  195  14:25  Zergling x2  
  195  14:26  Zergling x4, Spine Crawler  
  195  14:27  Zergling x2, Drone  
  195  14:28  Spine Crawler  
  195  14:29  Drone, Roach  
  195  14:30  Zergling x4, Roach x2  
  185  14:31  Spine Crawler  
  185  14:33  Drone  
  185  14:34  Drone  
  185  14:35  Spine Crawler  
  185  14:37  Drone  
  144  14:39  Drone, Spore Crawler  
  144  14:41  Drone  
  97  14:55  Roach  
  97  14:56  Hydralisk  
  97  14:58  Zergling x2  
  97  14:59  Zergling x2  
  77  15:12  Roach  
  71  15:14  Roach  
  71  15:17  Roach, Hatchery  
  71  15:18  Zergling x2  
  71  15:19  Hydralisk  
  72  15:22  Drone  
  72  15:23  Zergling x2  
  61  15:32  Corruptor  
  58  15:36  Hatchery  
  58  15:37  Roach  
  58  15:42  Zergling x2  
  39  15:56  Zergling x2, Roach x2  
  35  16:09  Hatchery  
  31  16:14  Zergling x2  
  31  16:17  Zergling x2  
  30  16:19  Hatchery  
  30  16:21  Roach  
  23  16:32  Roach  
  26  16:37  Zergling x2  
  22  16:48  Drone  
  22  16:53  Overlord  
  22  16:54  Drone  
  10  17:05  Drone x2  
  12  17:16  Drone  
Tags
 
League
Platinum
Matchup
PvZ
Replay Pack
First 100 games
Spawn Locations
Cross Positions
Add a new tag
Caveats
  • Supply blocks, unpowered buildings, or Contaminate may cause inaccurate times.
  • Supply counts are checked every 10 seconds.